 Dungeon Crawl Stone Soup version 0.22-a0-782-g038298e (webtiles) character file.

18671 opiumtea the Protected (level 12, -1/104 HPs)
             Began as a Minotaur Berserker on July 20, 2018.
             Was a High Priest of Trog.
             Succumbed to a black mamba's poison
             ... on level 2 of the Lair of Beasts.
             The game lasted 00:49:49 (18132 turns).

opiumtea the Protected (Minotaur Berserker)        Turns: 18132, Time: 00:49:49

Health: -1/104     AC: 20    Str: 25    XL:     12   Next: 29%
Magic:  25/25      EV:  9    Int:  5    God:    Trog [*****.]
Gold:   759        SH:  0    Dex: 11    Spells: 11/11 levels left

rFire    + . .     SeeInvis .   a - +0 broad axe
rCold    + . .     Gourm    .   (no shield)
rNeg     . . .     Faith    .   l - +1 plate armour
rPois    +         Spirit   .   (helmet restricted)
rElec    +         Reflect  .   m - +0 cloak
rCorr    +         Harm     .   (no gloves)
MR       .....     Clarity  +   s - +0 pair of boots
Stlth    ..........             (no amulet)
HPRegen  0.27/turn              F - +2 ring of dexterity
MPRegen  0.19/turn              r - ring of magical power

@: lethally poisoned (-1 -> -23), resistant, very slightly contaminated
A: retaliatory headbutt, horns 2, clarity, clumsy 1
a: Berserk, Trog's Hand, Brothers in Arms, Renounce Religion


You were on level 2 of the Lair of Beasts.
You worshipped Trog.
Trog was extremely pleased with you.
You were not hungry.

You visited 2 branches of the dungeon, and saw 14 of its levels.

You collected 759 gold pieces.

Inventory:

Hand Weapons
 a - a +0 broad axe (weapon)
 b - a +0 arbalest
 h - a +1 scimitar of flaming
Missiles
 e - 369 stones (quivered)
 E - 120 bolts
Armour
 l - a +1 plate armour (worn)
 m - a +0 cloak (worn)
 s - a +0 pair of boots (worn)
Jewellery
 q - an uncursed ring of flight
 r - a ring of magical power (right hand)
 A - an uncursed ring of ice
 F - a +2 ring of dexterity (left hand)
Wands
 i - a wand of acid (3)
 y - a wand of flame (11)
 C - a wand of paralysis (20)
Scrolls
 k - 4 scrolls of remove curse
 v - a scroll of magic mapping
 z - a scroll of fog
 B - a scroll of immolation
 D - a scroll of teleportation
Potions
 d - 2 potions of flight
 g - a potion of haste
Miscellaneous
 f - a fan of gales
Comestibles
 c - 26 rations


   Skills:
 - Level 9.0 Fighting
 - Level 1.7 Long Blades
 - Level 8.3 Axes
 + Level 12.2 Crossbows
 - Level 13.8 Armour
 - Level 2.3 Dodging
 - Level 7.0 Evocations


You had 11 spell levels left.
You didn't know any spells.
Your spell library was empty.

Dungeon Overview and Level Annotations

Branches:
Dungeon (11/15)            Temple (0/1) D:4            Lair (3/6) D:10
  Swamp (0/4) Lair:2       Spider (0/4) Lair:2
    Orc: D:9-12

Altars:
Dithmenos
Elyvilon
Nemelex Xobeh
Okawaru
Sif Muna
Trog
Uskayaw
Vehumet
Wu Jian
Yredelemnul
Zin

Shops:
D:6 :


Innate Abilities, Weirdness & Mutations

You reflexively headbutt those who attack you in melee.
You have a pair of horns on your head.
You possess an exceptional clarity of mind.
You are clumsy. (Dex -2)


Message History

You hear a loud clanging noise!
It was a scroll of noise.
* * * LOW HITPOINT WARNING * * *
You feel very sick.
Blink to where?
Press: ? - help, Dir - move target cursor You are very lightly contaminated with residual magic.
As you read the scroll labeled UJIERE HUGAUTEUG, it crumbles to dust.
It was a scroll of blinking.
* * * LOW HITPOINT WARNING * * *
You feel very sick.
* * * LOW HITPOINT WARNING * * *
You feel very sick.
* * * LOW HITPOINT WARNING * * *
You feel sick.
* * * LOW HITPOINT WARNING * * *
You feel very sick.
* * * LOW HITPOINT WARNING * * *
You feel very sick.
You die...

.................................
.................................
..................P..............
................#................
#...#.#P##......................#
#..######.#.....#..............##
#..##...................#......##
#..##...................#......##
#...#.......#..>@.......#......P#
#..........##.†.........#........
#......##..#............P.......#
#..##.#.#.#.P...#.......P......P.
.................P..#..P#........
.................................
.................................
.....>...........................
.................................


There were no monsters in sight!

Vanquished Creatures
  Gastronok (Lair:3)
  3 hydras
  Erica (D:10)
  3 two-headed ogres
  3 spiny frogs (Lair:2)
  2 black mambas
  A centaur skeleton (D:11)
  4 komodo dragons
  Prince Ribbit (D:6)
  2 hippogriffs
  4 blink frogs (Lair:2)
  Eustachio (D:6)
  16 yaks
  A basilisk (Lair:1)
  A soldier ant (D:10)
  Duvessa (D:6)
  3 porcupines (Lair:2)
  3 water moccasins
  2 orc warriors
  A sky beast (D:6)
  5 wolves (Lair:1)
  7 ogres
  A necrophage (D:5)
  A phantom (D:6)
  3 crocodiles
  A big kobold (D:10)
  9 bullfrogs
  2 gnoll sergeants
  A wyvern zombie (D:10)
  Dowan (D:6)
  3 scorpions
  21 killer bees
  2 electric eels (D:10)
  5 wights (D:8)
  A howler monkey (D:10)
  5 crimson imps
  7 hounds
  A jelly (D:11)
  Crazy Yiuf (D:6)
  2 bullfrog skeletons
  3 orc priests
  6 orc wizards
  6 iguanas
  5 worker ants
  A hound zombie (D:5)
  2 worker ant zombies
  A howler monkey skeleton (D:4)
  8 gnolls
  7 adders
  5 shadow imps
  An adder skeleton (D:4)
  8 worms
  A dart slug (D:4)
  2 leopard geckos
  28 orcs
  6 giant cockroaches
  7 goblins
  13 hobgoblins
  7 jackals
  7 quokkas
  2 bats (D:2)
  3 frilled lizards
  10 kobolds
  A quokka skeleton (D:6)
  A quokka zombie (D:5)
  8 rats
  A spectral orc (D:2)
283 creatures vanquished.

Vanquished Creatures (collateral kills)
  A leopard gecko (D:10)
1 creature vanquished.

Grand Total: 284 creatures vanquished

Notes
Turn   | Place    | Note
-------+----------+-------------------------------------------
     0 | D:1      | opiumtea the Minotaur Berserker began the quest for the Orb.
     0 | D:1      | Reached XP level 1. HP: 19/19 MP: 0/0
   396 | D:1      | Reached XP level 2. HP: 28/28 MP: 1/1
   685 | D:1      | Reached skill level 5 in Fighting
   857 | D:1      | You fall through a shaft!
   863 | D:2      | Reached XP level 3. HP: 32/36 MP: 2/2
  1802 | D:2      | Found a basalt altar of Yredelemnul.
  1976 | D:2      | Reached ** piety under Trog
  2155 | D:3      | Reached XP level 4. HP: 39/44 MP: 3/3
  2207 | D:3      | Found a shadowy altar of Dithmenos.
  2210 | D:3      | Noticed a sky beast
  2470 | D:3      | Found a sparkling altar of Nemelex Xobeh.
  3065 | D:4      | Reached XP level 5. HP: 51/52 MP: 4/4
  3116 | D:4      | Noticed a dagger
  3116 | D:4      | Noticed a hand axe
  3118 | D:4      | Found a hide-covered altar of Uskayaw.
  3123 | D:4      | Noticed an ogre
  3126 | D:4      | Noticed an ogre
  3131 | D:4      | Killed an ogre
  3155 | D:4      | Killed an ogre
  3155 | D:4      | Reached XP level 6. HP: 17/62 MP: 5/5
  3913 | D:4      | Found a staircase to the Ecumenical Temple.
  4408 | D:5      | Entered Level 5 of the Dungeon
  4480 | D:5      | Reached *** piety under Trog
  4638 | D:5      | Reached skill level 5 in Axes
  4638 | D:5      | Reached XP level 7. HP: 66/68 MP: 6/6
  4775 | D:5      | Found a glowing silver altar of Zin.
  5962 | D:6      | Noticed Duvessa
  5968 | D:6      | Noticed Dowan
  5988 | D:5      | Reached XP level 8. HP: 76/76 MP: 7/7
  6072 | D:6      | Noticed Eustachio
  6078 | D:6      | Killed Eustachio
  6143 | D:6      | Noticed Prince Ribbit
  6456 | D:6      | Found a runed door.
  6460 | D:6      | Noticed Crazy Yiuf
  6463 | D:6      | Killed Crazy Yiuf
  6593 | D:6      | Killed Dowan
  6596 | D:6      | Killed Duvessa
  6721 | D:6      | Reached skill level 5 in Evocations
  6848 | D:6      | Found Tuathoa's Book Shoppe.
  6878 | D:6      | Found an iron altar of Okawaru.
  6956 | D:6      | Killed Prince Ribbit
  7128 | D:6      | Reached XP level 9. HP: 76/81 MP: 12/12
  7176 | D:7      | Found an ornate altar of the Wu Jian Council.
  7970 | D:7      | Found a deep blue altar of Sif Muna.
  8100 | D:8      | Reached skill level 3 in Armour
  8120 | D:8      | Reached skill level 4 in Armour
  8302 | D:8      | Reached skill level 5 in Armour
  8318 | D:8      | Reached **** piety under Trog
  8479 | D:8      | Reached skill level 6 in Armour
  8541 | D:8      | Noticed a two-headed ogre
  8568 | D:8      | Killed a two-headed ogre
  8568 | D:8      | Reached skill level 8 in Armour
  9052 | D:8      | Reached skill level 9 in Armour
  9187 | D:8      | Noticed a moth of wrath
  9190 | D:8      | Found a bloodstained altar of Trog.
  9910 | D:9      | Found a white marble altar of Elyvilon.
 10092 | D:9      | Reached XP level 10. HP: 81/91 MP: 14/14
 10620 | D:9      | Noticed a two-headed ogre
 10630 | D:9      | Killed a two-headed ogre
 10630 | D:9      | Reached skill level 10 in Armour
 10816 | D:9      | Reached skill level 11 in Armour
 11250 | D:9      | Found a radiant altar of Vehumet.
 11291 | D:9      | Found an ornate altar of the Wu Jian Council.
 11379 | D:10     | Entered Level 10 of the Dungeon
 11795 | D:10     | Noticed Erica
 11879 | D:10     | Reached skill level 12 in Armour
 12045 | D:10     | Noticed a two-headed ogre
 12049 | D:10     | Killed a two-headed ogre
 12049 | D:10     | Reached skill level 13 in Armour
 12143 | D:10     | Gained mutation: You are frail. (-10% HP) [potion of mutation]
 12143 | D:10     | Gained mutation: You are very frail. (-20% HP) [potion of mutation]
 12143 | D:10     | Gained mutation: You are agile. (Dex +2) [potion of mutation]
 12165 | D:10     | Killed Erica
 12379 | D:10     | Found a staircase to the Lair.
 12477 | D:10     | Reached ***** piety under Trog
 12563 | D:10     | Reached XP level 11. HP: 74/77 MP: 15/15
 12722 | D:10     | Reached skill level 1 in Long Blades
 13711 | Lair:1   | Entered Level 1 of the Lair of Beasts
 13713 | Lair:1   | Reached skill level 1 in Crossbows
 14136 | Lair:1   | Noticed a six-headed hydra
 14140 | Lair:1   | Killed a six-headed hydra
 14140 | Lair:1   | Reached skill level 5 in Crossbows
 14265 | Lair:1   | Noticed a six-headed hydra
 15002 | Lair:1   | Killed a two-headed hydra
 16451 | Lair:2   | Found a hole to the Spider Nest.
 16705 | Lair:2   | Reached skill level 10 in Crossbows
 16734 | Lair:2   | Reached XP level 12. HP: 78/83 MP: 16/16
 16991 | Lair:2   | Received a gift from Trog
 17202 | Lair:2   | Lost mutation: You are agile. (Dex +2) [potion of mutation]
 17202 | Lair:2   | Lost mutation: You are very frail. (-20% HP) [potion of mutation]
 17202 | Lair:2   | Gained mutation: You are clumsy. (Dex -2) [potion of mutation]
 17202 | Lair:2   | Lost mutation: You are frail. (-10% HP) [potion of mutation]
 17202 | Lair:2   | Gained mutation: You possess an exceptional clarity of mind. [potion of mutation]
 17213 | Lair:2   | HP: 7/156 [poisoned by a spiny frog]
 17218 | Lair:2   | HP: 5/156 [poisoned by a spiny frog]
 17224 | Lair:2   | HP: 4/156 [poisoned by a spiny frog]
 17230 | Lair:2   | HP: 4/156 [poisoned by a spiny frog]
 17238 | Lair:2   | HP: 5/156 [poisoned by a spiny frog]
 17796 | Lair:2   | Found a staircase to the Swamp.
 17919 | Lair:3   | Noticed an eight-headed hydra
 17927 | Lair:3   | Killed a seven-headed hydra
 17954 | Lair:3   | Noticed Gastronok
 17972 | Lair:3   | Killed Gastronok
 18130 | Lair:2   | HP: 4/104 [poisoned by a black mamba]
 18131 | Lair:2   | HP: 1/104 [poisoned by a black mamba]
 18132 | Lair:2   | Succumbed to a black mamba's poison

Vault maps used:
D:1:      ebering_trefoil_twist
D:2:      yredelemnul_forgotten_temple_becter
D:3:      grunt_dithmenos_smoke, nemelex_altar_shiori
D:4:      dancing_weapons_uskayaw, minmay_temple_entry_nine_rooms,
          minmay_curled_crystal
D:5:      kennysheep_little_box, first_ration
D:6:      okawaru_metal_pillars_1_2, serial_shops, nicolae_shop_crystal,
          uniq_crazy_yiuf_cottage, uniq_duvessa, uniq_prince_ribbit1,
          uniq_eustachio
D:7:      led_sif_pool, basic_altar
D:8:      tgw_trog, kennysheep_generic_room_6
D:9:      nicolae_overflow_crystal_walls, minitemple, grunt_ogre_cave
D:10:     lair_entry_dummy, uniq_erica
Lair:1:   grunt_megastairs_5
Lair:2:   swamp_mist_pool, dummy_spider_entry
Lair:3:   nzn_random_ring, serial_bayou_shore_a, uniq_gastronok

Skill      XL: |  1  2  3  4  5  6  7  8  9 10 11 12 |
---------------+-------------------------------------+-----
Fighting       | 4 5 6 7 8 9 |  9.0
Axes           | 5 8 |  8.3
Evocations     | 6 7 |  7.0
Armour         | 9 13 | 13.8
Long Blades    | 1 |  1.7
Crossbows      | 10 12 | 12.2
Dodging        | |  2.3

Action                   |  1- 3 |  4- 6 |  7- 9 | 10-12 || total
-------------------------+-------+-------+-------+-------++-------
Melee: Hand axe          |   102 |   118 |    25 |       ||   245
       Headbutt          |    14 |    29 |    47 |    74 ||   164
       Broad axe         |       |       |   268 |   359 ||   627
       Scimitar          |       |       |       |     6 ||     6
 Fire: Arbalest          |       |       |       |    53 ||    53
Throw: Stone             |    24 |       |     1 |       ||    25
Invok: Berserk           |       |     1 |     8 |     4 ||    13
       Trog's Hand       |       |       |     1 |     1 ||     2
       Brothers in Arms  |       |       |       |     1 ||     1
Evoke: Wand              |       |     1 |     6 |    18 ||    25
       Fan of gales      |       |       |       |     1 ||     1
  Use: Scroll            |     5 |     7 |     6 |     7 ||    25
       Potion            |       |     3 |     2 |    15 ||    20
 Stab: Paralysed         |       |       |       |    12 ||    12
       Distracted        |       |       |       |     1 ||     1
  Eat: Chunk             |     4 |     8 |    21 |    22 ||    55
       Ration            |       |       |     1 |     3 ||     4
Armor: Animal skin       |    12 |       |       |       ||    12
       Ring mail         |     6 |    33 |       |       ||    39
       Plate armour      |       |    10 |   181 |   329 ||   520
       Skin              |       |       |       |    57 ||    57
Dodge: Dodged            |    61 |    54 |   106 |   230 ||   451
       Rpst.: Scimitar   |       |       |       |     1 ||     1

Table legend:
 A = Spawn XP
 B = Non-spawn XP
 C = Spawn XP percentage of total XP
 D = Spawn monster count
 E = Non-spawn monster count
 F = Spawn count percentage of total count
 G = Total turns spent on level
                    A         B        C        D         E        F      G
               +---------+---------+-------+---------+---------+-------+---------
         Total |       0 |   26673 |   0.0 |       0 |     284 |   0.0 | 18132
               +---------+---------+-------+---------+---------+-------+---------
           D:1 |       0 |      39 |   0.0 |       0 |      23 |   0.0 |  1431
           D:2 |       0 |      48 |   0.0 |       0 |      20 |   0.0 |  1010
           D:3 |       0 |      90 |   0.0 |       0 |      17 |   0.0 |   816
           D:4 |       0 |     474 |   0.0 |       0 |      20 |   0.0 |  1166
           D:5 |       0 |     620 |   0.0 |       0 |      13 |   0.0 |  1679
           D:6 |       0 |    1576 |   0.0 |       0 |      27 |   0.0 |  1229
           D:7 |       0 |     255 |   0.0 |       0 |       9 |   0.0 |   985
           D:8 |       0 |    2065 |   0.0 |       0 |      39 |   0.0 |  1720
           D:9 |       0 |    2628 |   0.0 |       0 |      26 |   0.0 |  2418
          D:10 |       0 |    3639 |   0.0 |       0 |      32 |   0.0 |  1935
          D:11 |       0 |     652 |   0.0 |       0 |       9 |   0.0 |    68
        Lair:1 |       0 |    5791 |   0.0 |       0 |      22 |   0.0 |  1526
        Lair:2 |       0 |    5570 |   0.0 |       0 |      24 |   0.0 |  1942
        Lair:3 |       0 |    3226 |   0.0 |       0 |       3 |   0.0 |   207
               +---------+---------+-------+---------+---------+-------+---------
